 Dungeon Crawl Stone Soup version 0.29.1-15-g9cfb28693d (webtiles) character file.

Game seed: 6484004145255930233

17228 javelincjr the Fighter (level 12, -19/84 HPs)
             Began as a Djinni Hedge Wizard on Apr 28, 2023.
             Was a High Priest of Hepliaklqana.
             Demolished by a freezing wraith (24 damage)
             ... on level 12 of the Dungeon.
             The game lasted 00:49:49 (13680 turns).

javelincjr the Fighter (Djinni Hedge Wizard)       Turns: 13680, Time: 00:49:50

Health: -19/84     AC: 12    Str:  7    XL:     12   Next: 80%
Gold:   586        EV: 16    Int: 19    God:    Hepliaklqana [*****.] SH:  0 Dex: 18

rFire   + + .      SeeInvis .   f - +11 hand axe "Gogesisu" {vorpal, *Corrode rElec Str-4 Dex+3}
rCold   x . .      Faith    +   (no shield)
rNeg    + . .      Spirit   .   O - +0 leather armour "Soivie Onegi" {Regen+}
rPois   ∞          Reflect  .   H - +2 hat
rElec   +          Harm     .   i - +2 cloak
rCorr   .          Rampage  .   t - +2 pair of gloves
Will    ++...                   (boots unavailable)
Stlth   ++........              v - amulet of faith
HPRegen 1.04/turn               B - ring of wizardry
MPRegen 0.00/turn               J - ring of Hamm {Fly rN+ Dex+2}

@: flying, slowed, very slow
A: reduced essence, sickness immunity, fire resistance 2, cold vulnerability 1,
float, innate caster, HP casting, extra vitality 1, horns 1, strong-willed 1
a: Renounce Religion, Recall Ancestor, Ancestor Identity, Transference, Idealise


You were on level 12 of the Dungeon.
You worshipped Hepliaklqana.
Hepliaklqana was extremely pleased with you.
You visited 2 branches of the dungeon, and saw 13 of its levels.

You collected 676 gold pieces.
You spent 90 gold pieces at shops.

Inventory:

Hand Weapons
 b - a +1 dagger of draining
 c - a +3 vorpal spear
 f - the +11 hand axe "Gogesisu" (weapon) {vorpal, *Corrode rElec Str-4 Dex+3}
   (You found it on level 6 of the Dungeon)

   It inflicts extra damage upon your enemies.
   Str:       It affects your strength (-4).
   Dex:       It affects your dexterity (+3).
   rElec:     It insulates you from electricity.
   *Corrode:  It may corrode you when you take damage.
 j - a +0 dagger of venom
 S - a +1 dagger of flaming
 T - a +0 antimagic dagger
Missiles
 o - 6 throwing nets
 P - 5 curare-tipped darts
 Q - 20 poisoned darts
Armour
 i - a +2 cloak (worn)
 t - a +2 pair of gloves (worn)
 G - +0 acid dragon scales
 H - a +2 hat (worn)
 O - the +0 leather armour "Soivie Onegi" (worn) {Regen+}
   (You found it on level 8 of the Dungeon)

   Regen:     It increases your rate of health regeneration.
 W - an orb of wrath
Magical Staves
 F - a staff of fire
Jewellery
 v - an amulet of faith (around neck)
 B - a ring of wizardry (left hand)
 J - the ring of Hamm (right hand) {Fly rN+ Dex+2}
   (You found it on level 7 of the Dungeon)

   [ring of flight]

   Dex:       It affects your dexterity (+2).
   rN:        It protects you from negative energy.
   Fly:       It grants you flight.
 K - the ring "Cewne" {*Corrode Will+ MP+9 Dex+4}
   (You found it on level 7 of the Dungeon)

   [ring of magical power]

   Dex:       It affects your dexterity (+4).
   MP:        It affects your magic capacity (+9).
   *Corrode:  It may corrode you when you take damage.
   Will:      It increases your willpower.
 M - a ring of protection from cold
 V - a ring of willpower
Wands
 n - a wand of iceblast (43)
 y - a wand of polymorph (13)
 R - a wand of flame (31)
Scrolls
 a - a scroll of butterflies {unknown}
 d - 7 scrolls of poison
 g - 3 scrolls of enchant armour
 k - 6 scrolls of blinking
 r - 2 scrolls of teleportation
 s - 2 scrolls of brand weapon
 u - a scroll of fear
 w - a scroll of enchant weapon {unknown}
 x - 3 scrolls of torment
 C - a scroll of magic mapping {unknown}
 E - 2 scrolls of immolation
 N - a scroll of acquirement {unknown}
Potions
 e - 4 potions of might
 h - 2 potions of berserk rage
 l - a potion of haste {unknown}
 m - 7 potions of curing
 p - a potion of mutation
 q - 2 potions of brilliance {unknown}
 z - 4 potions of heal wounds
 A - a potion of resistance {unknown}
 D - a potion of attraction {unknown}
Miscellaneous
 I - a box of beasts
 L - a condenser vane


   Skills:
 * Level 11.0 Fighting
 - Level 1.5 Short Blades
 + Level 5.4 Axes
 + Level 6.9 Armour
 + Level 9.2 Dodging
 - Level 2.2 Stealth
 * Level 7.0 Spellcasting
 + Level 6.9 Evocations


You couldn't memorise any spells.
You knew the following spells:

 Your Spells              Type           Power      Damage    Failure   Level
a - Magic Dart            Conj           100%       1d8       1%          1
b - Blink                 Tloc           66%        N/A       1%          2
c - Call Imp              Summ           33%        N/A       1%          2
d - Slow                  Hex            100%       N/A       1%          1
e - Conjure Flame         Conj/Fire      33%        6-21      1%          3
f - Mephitic Cloud        Conj/Pois/Air  33%        N/A       1%          3
g - Apportation           Tloc           66%        N/A       1%          1
h - Searing Ray           Conj           66%        2d6       1%          2
i - Frozen Ramparts       Ice            66%        1d10      1%          3
j - Olgreb's Toxic Radia  Pois           33%        N/A       3%          4
k - Dispel Undead         Necr           33%        3d14      3%          4
Your spell library was empty.

Dungeon Overview and Level Annotations

Branches:
Dungeon (12/15)            Temple (1/1) D:5            Lair (0/5) D:9
    Orc: D:9-12

Altars:
Ashenzari
Cheibriados
Dithmenos
Elyvilon
Fedhas
Gozag
Hepliaklqana
Makhleb
Nemelex Xobeh
Okawaru
Qazlal
Ru
Trog
Uskayaw
Wu Jian
Xom
Yredelemnul
Zin
The Shining One

Shops:
D:6 :   D:11 ?

Annotations:
D:5 2 transporters, pajopajo's ghost, novice MiBe


Innate Abilities, Weirdness & Mutations

Your life essence is reduced to manifest your ancestor. (-10% HP)
You are immune to sickness and miasma.
You are immune to poison.
Your flesh is very heat resistant. (rF++)
You are vulnerable to cold. (rC-)
You float through the air rather than walking.
You learn spells naturally, not from books.
Your magical power is your life essence.
You have superior vitality. (+4 MHP)
You have a pair of small horns on your head.
You are strong-willed. (Will+)


Message History

The freezing wraith completely misses you.
The freezing wraith hits you. The freezing wraith drains your vigour!
You feel yourself slow down.
The orc wizard closely misses Ulric.
You hit the freezing wraith but do no damage.
The freezing wraith is moderately damaged.
Ulric gestures at the freezing wraith while chanting.
The stone arrow misses the freezing wraith.
The orc wizard hits Ulric but does no damage.
The freezing wraith misses you. The freezing wraith hits you!
You barely miss the freezing wraith.
Your headbutt misses the freezing wraith.
The freezing wraith is moderately damaged.
Ulric closely misses the freezing wraith.
The orc hits Ulric but does no damage.
The orc wizard gestures at you while chanting.
Ulric appears confused.
The freezing wraith hits you but does no damage.
The freezing wraith barely misses you. x3
You slash the freezing wraith!
The freezing wraith is heavily damaged.
You hit the orc wizard. You hit the orc. The orc closely misses you.
The orc wizard hits you with a +0 dagger.
The freezing wraith hits you but does no damage. x2
Ulric hits the orc wizard with a +0 quarterstaff.
The freezing wraith hits you but does no damage. x2
The orc wizard closely misses you.
The skeletal warrior closely misses you.
The orc misses you.
You hit the freezing wraith but do no damage.
You headbutt the freezing wraith.
The freezing wraith is severely damaged.
You hit the orc wizard. You closely miss the orc.
The orc hits you but does no damage.
A skeletal warrior comes into view. It is wielding a +0 scimitar.
The skeletal warrior hits you from afar with a +0 glaive!
* * * LOW HITPOINT WARNING * * *
The freezing wraith hits you!
* * * LOW HITPOINT WARNING * * *
The freezing wraith freezes you!!
You feel a terrible chill!
You die...

# ##.# #.... .
### #..... ...
#<##.....#
.....#.#WR....#
#...@o.....#
......#.o......
......###)z.....
...... #......
.....# ......
..#.. .....z
..##. .....
#....


You could see the friendly Ulric the battlemage (confused), 2 skeletal warriors,
a freezing wraith, an orc wizard (ally target) and an orc.

Vanquished Creatures
  Harold (D:9)
  A boulder beetle (D:11)
  4 two-headed ogres
  2 manticores (D:11)
  A cyclops (D:10)
  A moth of wrath (D:6)
  Maggie (D:7)
  2 gargoyles
  A komodo dragon (D:9)
  A troll (D:7)
  3 polar bears (D:9)
  A shadow (D:9)
  9 yaks (D:9)
  A steam dragon (D:10)
  A vampire mosquito (D:7)
  Edmund (D:4)
  A water moccasin (D:5)
  3 acid dragons
  An orc warrior (D:9)
  2 sky beasts
  2 ice beasts
  A wolf (D:9)
  An ogre (D:9)
  2 centaurs
  A phantom (D:5)
  A kobold brigand (D:9)
  A bullfrog (D:7)
  A gnoll sergeant (D:6)
  4 scorpions
  A necrophage (D:6)
  6 killer bees (D:9)
  3 howler monkeys
  An electric eel (D:8)
  8 hounds
  5 iguanas
  6 orc wizards
  A centaur simulacrum (D:9)
  9 gnolls
  4 adders
  3 white imps
  3 ufetubi
  3 worms
  43 orcs
  8 ball pythons
  3 endoplasms
  2 giant cockroaches
  5 goblins
  11 hobgoblins
  4 quokkas
  5 bats
  3 frilled lizards
  14 kobolds
  13 rats
216 creatures vanquished.

Vanquished Creatures (collateral kills)
  A hydra (D:7)
  2 two-headed ogres
  An ugly thing (D:11)
  A cyclops (D:7)
  Maurice (D:8)
  An unseen horror (D:11)
  A wraith (D:10)
  5 yaks (D:9)
  A vampire (D:10)
  4 orc warriors
  An ice beast (D:9)
  A wolf (D:9)
  A phantom (D:5)
  A kobold brigand (D:8)
  A bullfrog (D:7)
  A scorpion (D:7)
  5 killer bees (D:9)
  A howler monkey (D:8)
  2 orc priests (D:9)
  Crazy Yiuf (D:7)
  A gnoll bouda (D:8)
  2 orc wizards
  3 gnolls (D:8)
  2 white imps (D:9)
  A worm (D:2)
  4 orcs
  A hobgoblin (D:2)
  2 kobolds
  A rat (D:2)
50 creatures vanquished.

Vanquished Creatures (others)
  7 battlemagi
  An ancestor (D:6)
  41 plants (D:9)
49 creatures vanquished.

Grand Total: 315 creatures vanquished

Notes
Turn   | Place    | Note
-------+----------+-------------------------------------------
     0 | D:1      | javelincjr the Djinni Hedge Wizard began the quest for the
                  | Orb.
     0 | D:1      | javelincjr set off with the following spells memorised:
                  | Magic Dart, Blink, Call Imp, Slow, Conjure Flame, Mephitic
                  | Cloud.
     0 | D:1      | Reached XP level 1. HP: 15/15 MP: 0/0
   186 | D:1      | Reached XP level 2. HP: 21/21 MP: 0/0
   882 | D:1      | Reached XP level 3. HP: 22/25 MP: 0/0
   882 | D:1      | Learned a level 1 spell: Apportation
  1888 | D:2      | Reached XP level 4. HP: 12/31 MP: 0/0
  2835 | D:3      | Reached skill level 1 in Fighting
  3107 | D:3      | Found a glowing golden altar of the Shining One.
  3660 | D:3      | Found an opulent altar of Gozag.
  3897 | D:4      | Reached XP level 5. HP: 37/38 MP: 0/0
  3897 | D:4      | Learned a level 2 spell: Searing Ray
  3909 | D:4      | Reached skill level 2 in Fighting
  3964 | D:4      | Noticed Edmund
  3978 | D:4      | Killed Edmund
  3979 | D:4      | Reached skill level 3 in Fighting
  3979 | D:4      | Reached XP level 6. HP: 23/46 MP: 0/0
  4329 | D:4      | Noticed a sky beast
  4340 | D:4      | Killed a sky beast
  4545 | D:4      | Reached XP level 7. HP: 40/51 MP: 0/0
  4545 | D:4      | Learned a level 3 spell: Frozen Ramparts
  4632 | D:4      | Reached skill level 4 in Fighting
  5215 | D:4      | Found a basalt altar of Yredelemnul.
  5264 | D:5      | Entered Level 5 of the Dungeon
  5481 | D:5      | Found a staircase to the Ecumenical Temple.
  5506 | Temple   | Entered the Ecumenical Temple
  5628 | Temple   | Became a worshipper of Hepliaklqana the Forgotten
  5861 | D:5      | Noticed pajopajo's ghost (novice MiBe)
  5862 | D:5      | Noticed a yak
  5867 | D:5      | Found a transporter.
  6157 | D:5      | Noticed a water moccasin
  6185 | D:5      | Killed a water moccasin
  6186 | D:5      | Reached skill level 5 in Fighting
  6186 | D:5      | Reached skill level 1 in Short Blades
  6186 | D:5      | Reached skill level 1 in Armour
  6186 | D:5      | Reached skill level 5 in Dodging
  6186 | D:5      | Reached skill level 1 in Evocations
  6186 | D:5      | Reached XP level 8. HP: 30/59 MP: 0/0
  6416 | D:5      | Found a shadowy altar of Dithmenos.
  6602 | D:5      | Found a transporter.
  7084 | D:6      | Identified the +11 hand axe "Gogesisu" {vorpal, *Corrode
                  | rElec Str-4 Dex+3}
  7088 | D:6      | Reached * piety under Hepliaklqana
  7203 | D:6      | Found Wabluala's Book Emporium.
  7645 | D:6      | Found a blossoming altar of Fedhas.
  7723 | D:6      | Reached skill level 1 in Axes
  7851 | D:6      | Reached skill level 6 in Fighting
  7851 | D:6      | Reached XP level 9. HP: 31/59 MP: 0/0
  7851 | D:6      | Learned a level 4 spell: Olgreb's Toxic Radiance
  8424 | D:6      | Noticed a moth of wrath
  8426 | D:6      | Found a bloodstained altar of Trog.
  8500 | D:6      | Killed a moth of wrath
  8729 | D:6      | Found a hide-covered altar of Uskayaw.
  8803 | D:6      | Reached ** piety under Hepliaklqana
  8804 | D:6      | Remembered your ancestor Ulric as a battlemage
  9349 | D:7      | Reached skill level 7 in Fighting
  9457 | D:7      | Noticed a gargoyle
  9457 | D:7      | Noticed a six-headed hydra
  9457 | D:7      | Noticed a cyclops
  9466 | D:7      | Killed a cyclops
  9467 | D:7      | Reached XP level 10. HP: 25/67 MP: 0/0
  9471 | D:7      | Killed a six-headed hydra
  9472 | D:7      | Reached skill level 5 in Spellcasting
  9756 | D:7      | Noticed Maggie
  9769 | D:7      | Killed Maggie
  9982 | D:7      | Reached skill level 8 in Fighting
 10133 | D:7      | Noticed a two-headed ogre
 10156 | D:7      | Killed a two-headed ogre
 10196 | D:7      | Found a shimmering altar of Xom.
 10273 | D:7      | Killed a gargoyle
 10313 | D:7      | Found a stormy altar of Qazlal.
 10407 | D:7      | Identified the ring of Hamm {Fly rN+ Dex+2}
 10409 | D:7      | Identified the ring "Cewne" {*Corrode Will+ MP+9 Dex+4}
 10563 | D:7      | Found a runed translucent door.
 10564 | D:7      | Noticed Crazy Yiuf
 10613 | D:7      | Killed Crazy Yiuf
 10897 | D:8      | Identified the +0 leather armour "Soivie Onegi" {Regen+}
 11007 | D:8      | Noticed a two-headed ogre
 11014 | D:8      | Killed a two-headed ogre
 11015 | D:8      | Reached skill level 5 in Armour
 11015 | D:8      | Reached skill level 5 in Evocations
 11015 | D:8      | Reached XP level 11. HP: 71/73 MP: 0/0
 11015 | D:8      | Learned a level 4 spell: Dispel Undead
 11019 | D:8      | Noticed a two-headed ogre
 11025 | D:8      | Killed a two-headed ogre
 11026 | D:8      | Reached skill level 9 in Fighting
 11062 | D:8      | Reached *** piety under Hepliaklqana
 11110 | D:8      | Noticed Maurice
 11116 | D:8      | Killed Maurice
 11162 | D:8      | Found a glowing silver altar of Zin.
 11954 | D:9      | Noticed Harold
 11963 | D:9      | Killed Harold
 11981 | D:9      | Reached skill level 10 in Fighting
 12125 | D:9      | Noticed a centaur warrior
 12125 | D:9      | Noticed a centaur warrior
 12163 | D:9      | Found a staircase to the Lair.
 12286 | D:9      | Reached XP level 12. HP: 74/81 MP: 0/0
 12305 | D:9      | Found an iron altar of Okawaru.
 12434 | D:9      | Reached **** piety under Hepliaklqana
 12545 | D:10     | Entered Level 10 of the Dungeon
 12560 | D:10     | Reached skill level 5 in Axes
 12651 | D:10     | Noticed a two-headed ogre
 12659 | D:10     | Killed a two-headed ogre
 13179 | D:11     | Found Hieplec's Magic Scroll Emporium.
 13183 | D:11     | Bought a scroll of blinking for 90 gold pieces
 13194 | D:11     | Gained mutation: You have a pair of small horns on your
                  | head. [potion of mutation]
 13194 | D:11     | Gained mutation: You are strong-willed. (Will+) [potion of
                  | mutation]
 13220 | D:11     | Noticed a two-headed ogre
 13229 | D:11     | Killed a two-headed ogre
 13232 | D:11     | Noticed a boulder beetle
 13252 | D:11     | Killed a boulder beetle
 13347 | D:11     | Noticed a two-headed ogre
 13358 | D:11     | Killed a two-headed ogre
 13422 | D:11     | Reached skill level 11 in Fighting
 13569 | D:11     | Reached ***** piety under Hepliaklqana
 13675 | D:12     | Noticed a skeletal warrior
 13680 | D:12     | Noticed a skeletal warrior
 13680 | D:12     | Demolished by a freezing wraith

Illustrated notes

Levels and vault maps discovered:
D:1:      dpeg_arrival_subterranean_lakeside_camping, layout_loops_ring
D:2:      layout_basic, chequers_avenue
D:3:      layout_loops_ring, overflow_temple_1_default,
          mainiacjoe_overflow_chevrons, nicolae_gozag_seed_capital
D:4:      layout_loops_ring, mainiacjoe_overflow_surrounded_room, uniq_edmund
D:5:      layout_loops_cross, grunt_dithmenos_shadows,
          minmay_temple_entry_statues_pillars, gammafunk_ghost_arena
D:6:      layout_loops_corners, kennysheep_little_box, tgw_trog,
          mainiacjoe_overflow_alcove_4, serial_shops, shop_fountains
D:7:      minmay_the_grid_triangle_9x9_rhombus_thin
          [minmay_the_grid_triangle_9x9_limited_checkers,
          minmay_the_grid_triangle_9x9_prize_insulated,
          minmay_the_grid_triangle_9x9_wacky_v,
          minmay_the_grid_triangle_9x9_swiss_cheese], layout_basic,
          lemuel_round_altar, mainiacjoe_overflow_tiny_flanked,
          lemuel_coloured_pillars_altar, minmay_misc_feat_four_crosses,
          uniq_crazy_yiuf_cottage, uniq_maggie
D:8:      layout_basic, general_overflow_altar, uniq_maurice
D:9:      layout_loops_cross, lemuel_crystal_altar, david_lair_shrubbed,
          special_room [special_room_orc], serial_ice, serial_ice_l,
          serial_ice_b, serial_ice_a, serial_ice_e, serial_ice_g, serial_ice_n,
          onia_ninara_dug_in_and_dangerous, uniq_harold
D:10:     layout_cave_pools, nicolae_zen_rock_garden
D:11:     layout_rooms, serial_shops, nicolae_shop_hallway_stairs,
          nicolae_sif_muna_little_library
D:12:     layout_cave_pools, minmay_orc_entry_temple_small,
          gauntlet_entry_generic, drop_trap
Temple:   hellmonk_temple_beads

Skill      XL: |  1  2  3  4  5  6  7  8  9 10 11 12 |
---------------+-------------------------------------+-----
Stealth        | 2 |  2.2
Dodging        | 3 4 5 6 7 8 9 |  9.2
Fighting       | 1 3 5 6 7 8 10 11 | 11.0
Spellcasting   | 3 4 5 6 7 |  7.0
Short Blades   | 1 |  1.5
Armour         | 1 2 3 5 6 |  6.9
Evocations     | 1 2 3 5 6 |  6.9
Axes           | 1 2 3 4 5 |  5.4

Action                   |  1- 3 |  4- 6 |  7- 9 | 10-12 || total
-------------------------+-------+-------+-------+-------++-------
Melee: Dagger            |    40 |    24 |    67 |       ||   131
       Hand axe          |       |       |    51 |   177 ||   228
       Punch             |       |       |     3 |     1 ||     4
       Headbutt          |       |       |       |     2 ||     2
 Cast: Magic Dart        |    50 |    61 |   104 |    97 ||   312
       Call Imp          |     2 |     3 |    10 |     4 ||    19
       Searing Ray       |       |     8 |    15 |    17 ||    40
       Slow              |       |     1 |       |     6 ||     7
       Frozen Ramparts   |       |       |     2 |     8 ||    10
       Blink             |       |       |     1 |     3 ||     4
       Olgreb's Toxic Ra |       |       |     8 |    15 ||    23
       Mephitic Cloud    |       |       |       |     2 ||     2
Invok: Ancestor Life: Ba |       |       |     1 |       ||     1
  Use: Scroll            |       |       |     9 |     8 ||    17
       Potion            |       |       |     1 |     1 ||     2
 Stab: Sleeping          |     3 |       |     3 |     1 ||     7
       Distracted        |       |       |       |     1 ||     1
Armor: Robe              |    11 |     7 |    33 |       ||    51
       Acid dragon scale |       |       |       |     9 ||     9
       Leather armour    |       |       |       |    60 ||    60
Dodge: Dodged            |    23 |    28 |   105 |   166 ||   322
